 Dungeon Crawl Stone Soup version 0.27.1-33-g824d729ab1 (webtiles) character file.

Game seed: 16520270653437762072

95 vvl the Insei (level 4, -1/34 HPs)
             Began as a Merfolk Transmuter on Dec 30, 2021.
             Slain by Natasha (8 damage)
             ... on level 2 of the Dungeon.
             The game lasted 00:04:31 (2098 turns).

vvl the Insei (Merfolk Transmuter)                  Turns: 2098, Time: 00:04:31

Health: -1/34      AC:  5    Str: 11    XL:     4   Next: 65%
Magic:  5/7        EV: 11    Int: 12    God:
Gold:   97         SH:  0    Dex: 20    Spells: 6/7 levels left

rFire    . . .     SeeInvis .     - Unarmed
rCold    . . .     Faith    .   (no shield)
rNeg     . . .     Spirit   .   d - +0 ring mail
rPois    .         Reflect  .   (helmet currently unavailable)
rElec    .         Harm     .   (no cloak)
rCorr    .         Rampage  .   (no gloves)
Will     .....                  (boots currently unavailable)
Stlth    +.........             (no amulet)
HPRegen  0.11/turn              e - +6 ring of dexterity
MPRegen  0.10/turn              (no ring)

@: appendages, slowed, very slow
A: horns 2, (nimble swimmer 2), mertail
a: End Transformation


You were on level 2 of the Dungeon.
You had temporarily grown beastly horns.
You visited 1 branch of the dungeon, and saw 3 of its levels.

You collected 97 gold pieces.

Inventory:

Missiles
 b - a throwing net
Armour
 a - a +0 robe
 d - a +0 ring mail (worn)
Jewellery
 e - a +6 ring of dexterity (left hand)
Scrolls
 c - a scroll of enchant armour {unknown}
 f - a scroll of brand weapon {unknown}
 h - 2 scrolls of identify {unknown}
 i - a scroll of summoning {unknown}
 k - a scroll of noise {unknown}
Potions
 g - a potion of curing {unknown}
 j - a potion of haste {unknown}


   Skills:
 * Level 2.3 Fighting
 * Level 2.4 Polearms
 + Level 0.5 Armour
 + Level 3.1 Dodging
 + Level 3.5 Unarmed Combat
 + Level 2.2 Spellcasting
 + Level 1.1 Summonings
 + Level 3.2 Transmutations


You had 6 spell levels left.
You knew the following spells:

 Your Spells              Type           Power      Damage    Failure   Level
a - Beastly Appendage     Tmut           18%        N/A       17%         1

Your spell library contained the following spells:

 Spells                   Type           Power      Damage    Failure   Level
 Wereblood                Tmut           9%         N/A       26%         2
 Spider Form              Tmut/Pois      2%         N/A       69%         3
 Ice Form                 Ice/Tmut       5%         N/A       97%         4


Dungeon Overview and Level Annotations

Branches:
Dungeon (3/15)

Altars:
Dithmenos

Annotations:
D:2 Natasha


Innate Abilities, Weirdness & Mutations

You have temporarily grown beastly horns.
((You are quick and stealthy near water. (Stealth+, EV+, Speed+++)))
Your lower body shifts to a powerful aquatic tail in water.


Message History

Natasha casts a spell.
You hit Natasha.
Natasha is heavily wounded.
Natasha barely misses you.
Your magical contamination has completely faded away.
You hit Natasha but do no damage. Your headbutt misses Natasha.
Natasha is heavily wounded.
Natasha howls an incantation.
Natasha glows brightly for a moment.
Natasha barely misses you.
You barely miss Natasha.
Natasha is heavily wounded.
Natasha closely misses you.
The white imp hits you but does no damage.
Natasha claws you. The white imp hits you. The white imp freezes you.
You hit Natasha. Your headbutt misses Natasha.
Natasha is severely wounded.
Natasha barely misses you. The white imp gestures at you.
The puff of frost hits you!
You closely miss Natasha.
Natasha is severely wounded.
Your horns disappear.
Natasha barely misses you. The white imp gestures at you.
The puff of frost hits you.
* * * LOW HITPOINT WARNING * * *
Natasha claws you but does no damage. The white imp closely misses you.
Casting: Beastly Appendage (safe; 17% risk of failure)
Confirm with . or Enter, or press ? or * to list all spells.
You grow a pair of large bovine horns.
Natasha wildly gestures.
You feel disoriented.
Natasha stares at you and mumbles some strange words.
You resist with some effort.
The white imp hits you but does no damage.
You barely miss Natasha. Your headbutt misses Natasha.
Natasha is severely wounded.
Natasha claws you!
You die...

######## #......####### .
#......##....############
...####......#5.##.#..........#
..............h@..............#
...###.......#.#..##..........#
###.......#.#.##############
#...###.###.#.# ##...## ##.###
#.......# ##.....# ##..#
##.#.....## #....<.. ###..###
#.........# #....... .......#
#.........# #.......
.......###.........# ##.....#


You could see Natasha and a white imp (summoned).

Vanquished Creatures
  Natasha (twice) (D:2)
  An adder (D:2)
  4 endoplasms
  A giant cockroach (D:1)
  2 goblins
  5 hobgoblins
  3 kobolds (D:1)
  2 quokkas (D:1)
  8 ball pythons
  3 bats
  2 rats (D:1)
33 creatures vanquished.

Notes
Turn   | Place    | Note
-------+----------+-------------------------------------------
     0 | D:1      | vvl the Merfolk Transmuter began the quest for the Orb.
     0 | D:1      | Reached XP level 1. HP: 15/15 MP: 3/3
   304 | D:1      | Found a faded altar of an unknown god.
   323 | D:1      | Reached XP level 2. HP: 18/21 MP: 1/5
   485 | D:1      | Reached skill level 1 in Polearms
  1022 | D:1      | Reached XP level 3. HP: 27/27 MP: 4/6
  1218 | D:1      | Found a shadowy altar of Dithmenos.
  1356 | D:2      | Noticed Natasha
  1370 | D:2      | Killed Natasha
  1736 | D:2      | Reached skill level 1 in Summonings
  1736 | D:2      | Reached XP level 4. HP: 28/33 MP: 5/7
  1943 | D:2      | Noticed Natasha
  1957 | D:2      | Killed Natasha
  2087 | D:2      | Noticed Natasha
  2098 | D:2      | Slain by Natasha

Illustrated notes

Levels and vault maps discovered:
D:1:      dpeg_arrival_lava_altar, layout_basic,
          hellmonk_ecumenical_altar_heavens_door
D:2:      layout_rooms, uniq_natasha
D:3:      layout_basic

Skill      XL: |  1  2  3 |
---------------+----------+-----
Polearms       | 1 2 |  2.4
Transmutations | 3 |  3.2
Fighting       | 2 |  2.3
Dodging        | 3 |  3.1
Summonings     | 1 |  1.1
Armour         | |  0.5
Unarmed Combat | |  3.5
Spellcasting   | |  2.2

Action                   |  1- 3 |  4- 6 || total
-------------------------+-------+-------++-------
Melee: Unarmed           |    71 |    25 ||    96
       Headbutt          |    12 |     1 ||    13
 Cast: Beastly Appendage |    22 |     6 ||    28
Armor: Ring mail         |    24 |    11 ||    35
Dodge: Dodged            |    52 |    12 ||    64
